 Dungeon Crawl Stone Soup version 0.23-a0-29-g1be82e5 (webtiles) character file.

39802 Amnesiac the Destroyer (level 13, -5/98 HPs)
             Began as a Mummy Fire Elementalist on Aug 3, 2018.
             Was a High Priest of Vehumet.
             Slain by a dire elephant (34 damage)
             ... on level 6 of the Lair of Beasts.
             The game lasted 00:53:18 (21235 turns).

Amnesiac the Destroyer (Mummy Fire Elementalist)   Turns: 21235, Time: 00:53:19

Health: -5/98      AC: 12    Str: 12    XL:     13   Next: 71%
Magic:  4/26       EV: 18    Int: 23    God:    Vehumet [*****.]
Gold:   613        SH:  6    Dex: 23    Spells: 4/30 levels left

rFire    x x .     SeeInvis +   A - +1 war axe of Melee {chop, Dex+4} (curse)
rCold    + + .     Gourm    .   e - +0 buckler
rNeg     + + +     Faith    +   w - +1 leather armour of Recklessness {MR+ Int+4 Stlth+}
rPois    ∞         Spirit   .   u - +1 helmet of Zusin {MR- rCorr Dex+7 SInv}
rElec    .         Reflect  .   p - +2 cloak {MR+}
rCorr    +         Harm     .   (no gloves)
MR       ++...                  l - +2 pair of boots
Stlth    ++........             k - amulet of faith
HPRegen  0.26/turn              z - ring of ice
MPRegen  0.20/turn              C - ring of attention (curse)

@: no status effects
A: no food or potions, fire vulnerability, cold resistance 1, negative energy
resistance 3, torment resistance, unbreathing, in touch with death 1
a: Renounce Religion


You were on level 6 of the Lair of Beasts.
You worshipped Vehumet.
Vehumet was extremely pleased with you.
You were not hungry.

You visited 3 branches of the dungeon, and saw 18 of its levels.

You collected 1074 gold pieces.
You spent 461 gold pieces at shops.

Inventory:

Hand Weapons
 a - a +2 mace of crushing
 b - a +3 hunting sling of freezing
 t - a +0 scimitar of protection
 A - the cursed +1 war axe of Melee (weapon) {chop, Dex+4}
   (You found it on level 2 of the Lair of Beasts)

   It inflicts extra damage upon your enemies.
   It affects your dexterity (+4).
   It has a curse placed upon it.
Missiles
 c - 477 stones (quivered)
 h - 5 sling bullets
Armour
 e - a +0 buckler (worn)
 l - a +2 pair of boots (worn)
 p - a +2 cloak of magic resistance (worn)
 u - the +1 helmet of Zusin (worn) {MR- rCorr Dex+7 SInv}
   (You bought it in a shop on level 8 of the Dungeon)

   It affects your dexterity (+7).
   It affects your resistance to hostile enchantments.
   It lets you see invisible.
   It provides partial protection from all sources of acid and corrosion.
 w - the +1 leather armour of Recklessness (worn) {MR+ Int+4 Stlth+}
   (You found it on level 9 of the Dungeon)

   It affects your intelligence (+4).
   It affects your resistance to hostile enchantments.
   It makes you more stealthy.
Jewellery
 f - an uncursed ring of protection from fire
 k - an amulet of faith (around neck)
 v - an uncursed ring of resist corrosion
 x - an uncursed amulet of magic regeneration
 z - a ring of ice (left hand)
 C - a cursed ring of attention (right hand)
 G - an uncursed ring of ice
 H - an uncursed ring of stealth
Wands
 g - a wand of disintegration (20)
 i - a wand of flame (15)
 r - a wand of polymorph (44)
 s - a wand of acid (5)
 y - a wand of digging (23)
 B - a wand of random effects (10)
 E - a wand of paralysis (13)
 F - a wand of scattershot (3)
Scrolls
 d - a scroll of enchant armour {!r}
 j - 2 scrolls of magic mapping {!r}
 m - 3 scrolls of fear {!r}
 n - 6 scrolls of teleportation {!r}
 o - 7 scrolls of identify {!r}
 q - 3 scrolls of blinking {!r}
 D - a scroll of amnesia {!r}
 I - a scroll of brand weapon {!r}


   Skills:
 - Level 8.0 Fighting
 - Level 8.0 Dodging
 - Level 1.5 Stealth
 - Level 4.2 Shields
 + Level 9.3 Spellcasting
 * Level 9.4 Conjurations
 * Level 9.3 Fire Magic
 * Level 9.3 Ice Magic


You had 4 spell levels left.
You knew the following spells:

 Your Spells              Type           Power        Failure   Level  Hunger
a - Bolt of Fire          Conj/Fire      ######....   7%          6    N/A
b - Throw Icicle          Conj/Ice       ######..     1%          4    N/A
c - Flame Tongue          Conj/Fire      #####        1%          1    N/A
d - Fireball              Conj/Fire      ######....   1%          5    N/A
e - Sticky Flame          Conj/Fire      ######..     1%          4    N/A
f - Ozocubu's Armour      Chrm/Ice       #####...     3%          3    N/A
s - Conjure Flame         Conj/Fire      ######..     1%          3    N/A

Your spell library contained the following spells:

 Spells                   Type           Power        Failure   Level  Hunger
 Bolt of Magma            Conj/Fire/Erth #####.....   4%          5    N/A
 Confuse                  Hex            ##......     22%         3    N/A
 Throw Flame              Conj/Fire      ######       1%          2    N/A
 Throw Frost              Conj/Ice       ######       1%          2    N/A
 Ring of Flames           Chrm/Fire      ####......   100%        7    N/A
 Venom Bolt               Conj/Pois      ####......   9%          5    N/A
 Animate Dead             Necr           N/A          58%         4    N/A
 Pain                     Necr           ###.         8%          1    N/A
 Animate Skeleton         Necr           N/A          8%          1    N/A
 Vampiric Draining        Necr           ###.......   22%         3    N/A
 Freeze                   Ice            ####         1%          1    N/A
 Summon Ice Beast         Ice/Summ       #####...     11%         4    N/A
 Regeneration             Chrm/Necr      ###.......   22%         3    N/A
 Tukima's Dance           Hex            ##......     22%         3    N/A
 Iron Shot                Conj/Erth      ####......   38%         6    N/A
 Ignite Poison            Fire/Tmut/Pois ####....     1%          3    N/A
 Call Canine Familiar     Summ           ##......     22%         3    N/A
 Ensorcelled Hibernation  Hex/Ice        #####.       1%          2    N/A
 Summon Butterflies       Summ           ##......     8%          1    N/A
 Corona                   Hex            ##.....      8%          1    N/A
 Orb of Destruction       Conj           ######....   32%         7    N/A
 Summon Hydra             Summ           ##........   100%        7    N/A
 Shroud of Golubria       Chrm/Tloc      ##........   12%         2    N/A
 Inner Flame              Hex/Fire       ####....     1%          3    N/A
 Iskenderun's Battlesphe  Conj/Chrm      ####....     9%          5    N/A
 Dazzling Spray           Conj/Hex       ####..       1%          3    N/A
 Infusion                 Chrm           ##..         8%          1    N/A
 Song of Slaying          Chrm           ##......     12%         2    N/A
 Spectral Weapon          Hex/Chrm       ##......     22%         3    N/A
 Spellforged Servitor     Conj/Summ      ####......   90%         7    N/A
 Summon Mana Viper        Hex/Summ       ##......     91%         5    N/A
 Ignition                 Fire           ######....   92%         8    N/A

Dungeon Overview and Level Annotations

Branches:
Dungeon (11/15)            Temple (1/1) D:4            Lair (6/6) D:11
 Shoals (0/4) Lair:2       Spider (0/4) Lair:4        Slime (0/5) Lair:6
    Orc: D:9-12

Altars:
Ashenzari
Cheibriados
Dithmenos
Elyvilon
Fedhas
Gozag
Hepliaklqana
Kikubaaqudgha
Makhleb
Nemelex Xobeh
Okawaru
Qazlal
Ru
Sif Muna
Trog
Uskayaw
Vehumet
Wu Jian
Xom
Yredelemnul
Zin
The Shining One
Jiyva

Shops:
D:6 =!*:   D:8 [

Annotations:
Lair:6 exclusion: oklob plant


Innate Abilities, Weirdness & Mutations

You do not eat or drink.
Your flesh is vulnerable to fire.
You are immune to poison.
Your flesh is cold resistant. (rC+)
You are immune to negative energy. (rN+++)
You are immune to unholy pain and torment.
You can survive without breathing.
You are in touch with the powers of death.


Message History

Casting: Bolt of Fire (slightly dangerous; 7% risk of failure)
Confirm with . or Enter, or press ? or * to list all spells.
You don't have enough magic to cast that spell.
Casting: Bolt of Fire (slightly dangerous; 7% risk of failure)
Confirm with . or Enter, or press ? or * to list all spells.
You don't have enough magic to cast that spell.
You see here a spiny frog skeleton.
You hit the bush but do no damage.
A rime drake comes into view.
The rime drake hisses angrily.
The rime drake breathes ice at you. The flash freeze misses you.
The rime drake misses you.
There is a stone staircase leading up here.
You block the rime drake's attack. The dire elephant tramples you!
You stumble backwards!
You stop ascending the stairs.
Casting: Bolt of Fire (slightly dangerous; 7% risk of failure)
Confirm with . or Enter, or press ? or * to list all spells.
Aiming: Sticky Flame (safe; 1% risk of failure)
Press: ? - help, Shift-Dir - straight line, f - rime drake, p - dire elephant
Aim: a rime drake (catching its breath)
The sticky flame hits the rime drake.
The rime drake is lightly wounded.
The rime drake is covered in liquid flames!
The rime drake burns!
The rime drake breathes ice at you. The flash freeze misses you.
The dire elephant tramples you!!
You stumble backwards!
The rime drake burns!
The rime drake burns!
Evoke which item? (* to show all) (? for menu, Esc to quit)
Okay, then.
The rime drake burns!
The rime drake stops burning.
Evoke which item? (* to show all) (? for menu, Esc to quit)
Aiming: Corrosive Bolt
Press: ? - help, Shift-Dir - straight line, f/p - rime drake
Aim: a rime drake (moderately wounded)
The bolt of acid hits the dire elephant.
The dire elephant is splashed with acid.
The acid corrodes the dire elephant!
The dire elephant is heavily wounded.
The bolt of acid hits the rime drake.
The rime drake is splashed with acid.
The acid corrodes the rime drake!
The rime drake is almost dead.
The dire elephant tramples you!!
* * * LOW HITPOINT WARNING * * *
You hold your ground!
The dire elephant trunk-slaps you.
* * * LOW HITPOINT WARNING * * *
Press: ? - help, v - describe, . - travel
Here: a dire elephant (heavily wounded, covered in acid)
The floor.
Evoke which item? (* to show all) (? for menu, Esc to quit)
Aiming: Corrosive Bolt
Press: ? - help, Shift-Dir - straight line, f/p - rime drake
Aim: a rime drake (almost dead, covered in acid)
The bolt of acid hits the dire elephant.
The dire elephant is splashed with acid.
The acid corrodes the dire elephant!
The dire elephant is heavily wounded.
The bolt of acid hits the rime drake.
The rime drake is splashed with acid.
The acid corrodes the rime drake!
You kill the rime drake!
Vehumet accepts your kill.
You feel your power returning. The dire elephant tramples you!!
You die...

##..♣♣♣♣♣ #..♣♣♣ ♣ ###
## #P...♣ #.##.# ##..♣♣
##.#..# ##..♣♣ #.....#
#..S.♣ ###....# ###
#....♣
#......###.####...♣
####..@.#..#..#.÷♣♣♣
##..##.Y...........♣
#...##..P..........♣♣♣♣♣
#...###†......P.....♣♣..
##...#.....#........÷.♣♣
##.........[.......♣♣♣♣
#............P....♣♣
##....<.....##P.P..♣
#.#........###.PP..♣


You could see a dire elephant.

Vanquished Creatures
  7 death yaks
  A two-headed ogre (D:9)
  Urug (Lair:2)
  An unseen horror (D:11)
  3 oklob plants (Lair:6)
  7 elephants
  A manticore (Lair:2)
  5 black mambas
  13 spiny frogs
  A torpor snail (Lair:4)
  3 rime drakes
  A demonic crawler (Lair:3)
  3 komodo dragons
  3 trolls
  A polar bear (Lair:5)
  A hornet (Lair:3)
  Prince Ribbit (Lair:1)
  13 blink frogs
  8 hippogriffs
  4 dream sheep (Lair:4)
  A shadow (D:11)
  Sigmund (D:5)
  6 wyverns
  A human (D:8)
  4 hogs (D:8)
  25 yaks
  A basilisk (Lair:3)
  6 hungry ghosts
  11 porcupines
  15 water moccasins
  3 sky beasts
  3 orc warriors
  3 phantoms
  6 ogres
  4 ice beasts
  2 black bears
  2 necrophages
  10 centaurs
  4 wolves (Lair:5)
  16 crocodiles
  A big kobold (D:8)
  11 bullfrogs
  6 scorpions
  A water moccasin skeleton (D:10)
  9 wights
  A killer bee (D:8)
  2 howler monkeys
  An electric eel (D:8)
  A bullfrog zombie (D:8)
  6 crimson imps
  4 hounds
  2 quasits
  A centaur zombie (D:5)
  2 centaur skeletons (D:9)
  4 jellies
  3 orc priests
  10 orc wizards
  2 bullfrog skeletons
  4 iguanas
  8 worker ants
  2 hound zombies (D:10)
  2 hound skeletons
  3 worker ant zombies
  7 gnolls
  9 adders
  2 shadow imps
  An ooze (D:1)
  An adder zombie (D:5)
  7 worms
  A dart slug (D:1)
  4 leopard geckos
  41 orcs
  3 giant cockroaches
  12 goblins
  9 hobgoblins
  13 jackals
  5 quokkas
  A ball python (D:4)
  A ball python skeleton (D:4)
  11 bats
  4 frilled lizards (D:1)
  A jackal skeleton (D:5)
  9 kobolds
  A leopard gecko skeleton (D:4)
  A leopard gecko zombie (D:5)
  7 rats
  A fungus (Lair:2)
440 creatures vanquished.

Vanquished Creatures (others)
  40 fungi
  21 plants
61 creatures vanquished.

Grand Total: 501 creatures vanquished

Notes
Turn   | Place    | Note
-------+----------+-------------------------------------------
     0 | D:1      | Amnesiac the Mummy Fire Elementalist began the quest for the Orb.
     0 | D:1      | Reached XP level 1. HP: 13/13 MP: 4/4
    46 | D:1      | Reached skill level 1 in Conjurations
   168 | D:1      | Reached XP level 2. HP: 19/19 MP: 3/5
   697 | D:4      | Noticed a howler monkey
   701 | D:4      | Killed a howler monkey
   701 | D:4      | Reached skill level 1 in Shields
   701 | D:4      | Reached XP level 3. HP: 24/24 MP: 2/7
   812 | D:4      | Reached XP level 4. HP: 26/30 MP: 0/8
   904 | D:4      | Found a staircase to the Ecumenical Temple.
   904 | D:4      | Noticed an ogre
  1116 | Temple   | Entered the Ecumenical Temple
  1339 | Temple   | Became a worshipper of Vehumet
  1442 | D:1      | Reached XP level 5. HP: 33/35 MP: 9/9
  1448 | D:1      | Learned a level 4 spell: Sticky Flame
  1452 | D:1      | Learned a level 3 spell: Conjure Flame
  2120 | D:2      | Reached * piety under Vehumet
  2120 | D:2      | Offered knowledge of Shock by Vehumet.
  2457 | D:2      | Found a shadowy altar of Dithmenos.
  3245 | D:3      | Found an ancient bone altar of Kikubaaqudgha.
  3671 | D:4      | Reached XP level 6. HP: 41/41 MP: 0/10
  3821 | D:4      | Reached ** piety under Vehumet
  3823 | D:4      | Offered knowledge of Freeze by Vehumet.
  4431 | D:5      | Entered Level 5 of the Dungeon
  4686 | D:5      | Reached XP level 7. HP: 45/46 MP: 6/12
  4821 | D:5      | Learned a level 1 spell: Freeze
  4928 | D:5      | Learned a level 5 spell: Fireball
  4967 | D:5      | Found a deep blue altar of Sif Muna.
  5251 | D:5      | Found a shattered altar of Ashenzari.
  5370 | D:5      | Noticed Sigmund
  5384 | D:5      | Killed Sigmund
  5384 | D:5      | Reached XP level 8. HP: 34/52 MP: 1/14
  5730 | D:5      | Found a glowing golden altar of the Shining One.
  5742 | D:5      | Found a snail-covered altar of Cheibriados.
  5924 | D:5      | Found a burning altar of Makhleb.
  5957 | D:5      | Found an iron altar of Okawaru.
  6133 | D:6      | Found Ijogueg's Jewellery Boutique.
  6356 | D:6      | Found Zuxtiely's General Store.
  6367 | D:6      | Found Lutiram's Book Shop.
  6547 | D:6      | Found Buxzogg's Distillery.
  6632 | D:6      | Offered knowledge of Stone Arrow by Vehumet.
  6871 | D:7      | Reached skill level 5 in Conjurations
  6871 | D:7      | Reached XP level 9. HP: 30/57 MP: 0/16
  7052 | D:7      | Reached skill level 5 in Spellcasting
  7052 | D:7      | Reached skill level 5 in Fire Magic
  7081 | D:7      | Reached skill level 5 in Ice Magic
  7329 | D:7      | Reached *** piety under Vehumet
  7496 | D:7      | Found a sacrificial altar of Ru.
  7751 | D:8      | Found a radiant altar of Vehumet.
  8072 | D:8      | Offered knowledge of Throw Icicle by Vehumet.
  8078 | D:8      | Learned a level 4 spell: Throw Icicle
  8105 | D:8      | Found a sparkling altar of Nemelex Xobeh.
  8569 | D:8      | Found Dimpoll's Antique Armour Shop.
  8586 | D:8      | Bought a spiked helmet for 332 gold pieces
  8586 | D:8      | Bought a glowing robe for 129 gold pieces
  8617 | D:8      | Identified the +1 helmet of Zusin {MR- rCorr Dex+7 SInv} (You bought it in a shop on level 8 of the Dungeon)
  8713 | D:8      | Reached **** piety under Vehumet
  8726 | D:8      | Reached XP level 10. HP: 63/63 MP: 9/19
  9450 | D:9      | Got a dazzling leather armour
  9467 | D:9      | Identified the +1 leather armour of Recklessness {MR+ Int+4 Stlth+} (You found it on level 9 of the Dungeon)
  9552 | D:9      | Offered knowledge of Dazzling Spray by Vehumet.
  9576 | D:9      | Noticed a two-headed ogre
  9590 | D:9      | Killed a two-headed ogre
  9629 | D:9      | Reached skill level 5 in Dodging
 10559 | D:10     | Entered Level 10 of the Dungeon
 10562 | D:10     | Reached XP level 11. HP: 68/68 MP: 10/20
 10662 | D:10     | Reached ***** piety under Vehumet
 10752 | D:10     | Offered knowledge of Lightning Bolt by Vehumet.
 10947 | D:10     | Learned a level 3 spell: Ozocubu's Armour
 11837 | D:11     | Reached skill level 1 in Fighting
 11894 | D:11     | Noticed a red ugly thing
 12052 | D:11     | Noticed an unseen horror
 12062 | D:11     | Killed an unseen horror
 12609 | D:11     | Reached skill level 5 in Fighting
 12777 | D:11     | Found a staircase to the Lair.
 12814 | Lair:1   | Entered Level 1 of the Lair of Beasts
 13394 | Lair:1   | Noticed Prince Ribbit
 13885 | Lair:1   | Killed Prince Ribbit
 13885 | Lair:1   | Reached XP level 12. HP: 68/92 MP: 17/22
 14459 | Lair:2   | Got a crystal war axe
 14506 | Lair:2   | Noticed Urug
 14532 | Lair:1   | Identified the cursed +1 war axe of Melee {chop, Dex+4} (You found it on level 2 of the Lair of Beasts)
 14967 | Lair:2   | Killed Urug
 14989 | Lair:2   | Found a staircase to the Shoals.
 15873 | Lair:3   | Noticed a death yak
 15875 | Lair:3   | Noticed a death yak
 15878 | Lair:3   | Noticed a death yak
 15878 | Lair:3   | Noticed a death yak
 15882 | Lair:3   | Killed a death yak
 15882 | Lair:3   | Noticed a death yak
 15918 | Lair:3   | Killed a death yak
 16058 | Lair:2   | Killed a death yak
 16368 | Lair:3   | Killed a death yak
 16557 | Lair:3   | Killed a death yak
 16965 | Lair:4   | Noticed a death yak
 16965 | Lair:4   | Noticed a death yak
 16971 | Lair:4   | Killed a death yak
 17095 | Lair:4   | Gained mutation: You are in touch with the powers of death. [Mummy growth]
 17095 | Lair:4   | Reached XP level 13. HP: 56/98 MP: 3/25
 17333 | Lair:4   | Found a hole to the Spider Nest.
 17621 | Lair:4   | Offered knowledge of Iskenderun's Mystic Blast by Vehumet.
 19411 | Lair:6   | Entered Level 6 of the Lair of Beasts
 19743 | Lair:6   | Noticed a dire elephant
 19883 | Lair:6   | Found a viscous altar of Jiyva.
 19883 | Lair:6   | Found a staircase to the Slime Pits.
 21078 | Lair:6   | Learned a level 6 spell: Bolt of Fire
 21235 | Lair:6   | Slain by a dire elephant

Vault maps used:
D:1:      erik_arrival_triangle_huge, minmay_pentomino_v4
D:2:      lemuel_round_altar, minmay_misc_feat_encased,
          kennysheep_generic_room_6
D:3:      kiku_gazebo_pond_becter, serial_forest, infiniplex_forest_lined_ring,
          infiniplex_forest_lined_ring, infiniplex_forest_end_3,
          infiniplex_forest_lined_4_way, infiniplex_forest_corner_1,
          infiniplex_forest_lined_ring, infiniplex_forest_clump_long,
          infiniplex_forest_clump_long, infiniplex_forest_clump_large
D:4:      minmay_temple_entry_trees, first_ration, dk_vineyard_1
D:5:      nicolae_overflow_hidden_temple, nicolae_overflow_quartered_altars,
          kennysheep_mini, uniq_sigmund
D:6:      serial_shops, shop, shop, nicolae_shop_behind_doors, shop
D:7:      basic_altar
D:8:      hangedman_cross_stitches, overflow_temple_1_default, serial_shops,
          shop_statue, grunt_livestock, serial_bayou_ford_a,
          lemuel_centaur_altar
D:11:     grunt_lair_entry_orc_guard_hut, kennysheep_generic_room_4
Temple:   oiseaux_autumnal_temple
Lair:1:   uniq_prince_ribbit2
Lair:2:   minmay_shoals_entry_beasts, minivault_19, uniq_urug
Lair:4:   nicolae_spider_entry_non_spiders, grunt_megastairs_4
Lair:5:   grunt_megastairs_3
Lair:6:   evil_forest, slime_altar_1, minmay_lair_oklob_chamber,
          infiniplex_staircase_pool_2

Skill      XL: |  1  2  3  4  5  6  7  8  9 10 11 12 13 |
---------------+----------------------------------------+-----
Conjurations   | 1 2 3 4 5 6 8 9 |  9.4
Shields        | 1 2 3 4 |  4.2
Fire Magic     | 3 4 6 8 9 |  9.3
Spellcasting   | 3 4 6 8 9 |  9.3
Ice Magic      | 2 4 6 8 9 |  9.3
Dodging        | 6 8 |  8.0
Fighting       | 8 |  8.0
Stealth        | |  1.5

Action                   |  1- 3 |  4- 6 |  7- 9 | 10-12 | 13-15 || total
-------------------------+-------+-------+-------+-------+-------++-------
Melee: War axe           |       |       |       |     6 |    94 ||   100
 Fire: Hunting sling     |    23 |   186 |   284 |   352 |       ||   845
 Cast: Flame Tongue      |    34 |    93 |   168 |   273 |       ||   568
       Sticky Flame      |       |     2 |    21 |    59 |    41 ||   123
       Freeze            |       |       |    33 |     2 |       ||    35
       Conjure Flame     |       |       |     1 |       |       ||     1
       Fireball          |       |       |     1 |    14 |       ||    15
       Throw Icicle      |       |       |       |   120 |   101 ||   221
       Bolt of Fire      |       |       |       |       |     9 ||     9
Evoke: Wand              |       |       |       |     1 |     6 ||     7
  Use: Scroll            |       |       |     3 |    18 |       ||    21
Armor: Robe              |    12 |    40 |    20 |       |       ||    72
       Leather armour    |       |       |   113 |    57 |    72 ||   242
Dodge: Dodged            |    38 |    94 |   181 |   231 |   189 ||   733
Block: Buckler           |       |     9 |    79 |   103 |    73 ||   264

Table legend:
 A = Spawn XP
 B = Non-spawn XP
 C = Spawn XP percentage of total XP
 D = Spawn monster count
 E = Non-spawn monster count
 F = Spawn count percentage of total count
 G = Total turns spent on level
                    A         B        C        D         E        F      G
               +---------+---------+-------+---------+---------+-------+---------
         Total |       0 |   56861 |   0.0 |       0 |     439 |   0.0 | 21235
               +---------+---------+-------+---------+---------+-------+---------
           D:1 |       0 |      68 |   0.0 |       0 |      38 |   0.0 |   979
           D:2 |       0 |      73 |   0.0 |       0 |      21 |   0.0 |   820
           D:3 |       0 |      25 |   0.0 |       0 |      11 |   0.0 |  1177
           D:4 |       0 |     512 |   0.0 |       0 |      20 |   0.0 |  1204
           D:5 |       0 |    1348 |   0.0 |       0 |      28 |   0.0 |  1675
           D:6 |       0 |     585 |   0.0 |       0 |      15 |   0.0 |   736
           D:7 |       0 |    1101 |   0.0 |       0 |      19 |   0.0 |   860
           D:8 |       0 |    3075 |   0.0 |       0 |      49 |   0.0 |  1701
           D:9 |       0 |    4180 |   0.0 |       0 |      33 |   0.0 |  1156
          D:10 |       0 |    2302 |   0.0 |       0 |      34 |   0.0 |  1324
          D:11 |       0 |    3437 |   0.0 |       0 |      25 |   0.0 |   931
        Lair:1 |       0 |    6019 |   0.0 |       0 |      26 |   0.0 |  1368
        Lair:2 |       0 |    5369 |   0.0 |       0 |      17 |   0.0 |  1344
        Lair:3 |       0 |    8003 |   0.0 |       0 |      23 |   0.0 |  1714
        Lair:4 |       0 |    5987 |   0.0 |       0 |      24 |   0.0 |  1180
        Lair:5 |       0 |    7983 |   0.0 |       0 |      32 |   0.0 |  1727
        Lair:6 |       0 |    6794 |   0.0 |       0 |      24 |   0.0 |  1088
               +---------+---------+-------+---------+---------+-------+---------
